 Dungeon Crawl Stone Soup version 0.32-a0-481-g9ce6b883f8 (webtiles) character file.

Game seed: 14876513979247547775

189 CrazyBamboolord the Slasher (level 5, 0/42 HPs)
             Began as a Coglin Berserker on Feb 26, 2024.
             Was a Priest of Trog.
             Slain by Grinder (4 damage)
             ... on level 4 of the Dungeon.
             The game lasted 00:04:42 (2398 turns).

CrazyBamboolord the Slasher (Coglin Berserker)      Turns: 2398, Time: 00:04:43

Health: 0/42       AC: 10    Str: 17    XL:     5   Next: 68%
Magic:  5/5        EV:  8    Int:  6    God:    Trog [***...]
Gold:   93         SH:  5    Dex: 16    Spells: 4/4 levels left

rFire   . . .        a - +0 falchion {Nefertari}
rCold   . . .        c - +0 dagger (drain) {Iseul}
rNeg    . . .        i - +0 chain mail
rPois   .            (no helmet)
rElec   .            (no cloak)
rCorr   .            h - +0 pair of gloves
SInv    .            (no boots)
Will    ++...        j - amulet of reflection Stlth
                     (ring unavailable)
HPRegen 1.27/turn    (ring unavailable)
MPRegen 0.09/turn

%: reflection
@: strong-willed, regenerating, revved
A: off-hand wielding, slow wielding, warmup strikes, no rings
a: Renounce Religion, Berserk, Trog's Hand


You were on level 4 of the Dungeon.
You worshipped Trog.
Trog was most pleased with you.
You visited 1 branch of the dungeon, and saw 4 of its levels.

You collected 143 gold pieces.
You spent 50 gold pieces at shops.

Inventory:

Hand Weapons
 a - a +0 falchion (weapon) {Nefertari}
 c - a +0 dagger of draining (offhand) {Iseul}
Armour
 h - a +0 pair of gloves (worn)
 i - a +0 chain mail (worn)
Jewellery
 j - an amulet of reflection (around neck)
Wands
 m - a wand of flame (15)
Scrolls
 d - a scroll of poison
 f - 3 scrolls of identify
 k - a scroll of teleportation
Potions
 b - a potion of haste
 e - a potion of curing
 g - a potion of cancellation
 l - a potion of lignification


   Skills:
 + Level 4.0 Fighting
 + Level 4.0 Long Blades
 + Level 3.0 Armour
 + Level 2.9 Dodging


You had 4 spell levels left.
You didn't know any spells.
Your spell library was empty.

Dungeon Overview and Level Annotations

Branches:
Dungeon (4/15)
 Temple: D:4-7

Altars:
Trog

Shops:
D:2 *

Annotations:
D:4 Grinder


Innate Abilities, Weirdness & Mutations

You can wield a second weapon in your off-hand.
It takes a long time for you to wield or remove held weapons.
Your first few attacks do less damage.
Your grasper-arms cannot wear rings.


Message History

Grinder shouts!
Grinder is nearby!
You hit Grinder but do no damage. You hit Grinder with your +0 falchion.
You closely miss Grinder with your +0 falchion.
Grinder is lightly wounded.
You barely miss Grinder with your +0 dagger of draining.
Grinder hits you.
You writhe in agony.
You hit Grinder but do no damage.
Grinder is lightly wounded.
You slash Grinder with your +0 falchion!
Grinder hits you!
You slash Grinder with your +0 falchion!
Grinder is heavily wounded.
You hit Grinder but do no damage. Grinder hits you.
You writhe in agony.
You are too injured to fight recklessly!
You are too injured to fight recklessly!
You are too injured to fight recklessly!
You hit Grinder but do no damage.
Grinder is heavily wounded.
You hit Grinder but do no damage. Grinder hits you.
You writhe in agony.
Your skin crawls.
You feel strong-willed.
Grinder says, "Don't move a muscle."
You block Grinder's attack.
You hit Grinder but do no damage.
Grinder is heavily wounded.
You closely miss Grinder with your +0 falchion.
Grinder hits you.
You writhe in agony.
* * * LOW HITPOINT WARNING * * *
You completely miss Grinder with your +0 falchion.
Grinder is heavily wounded.
You hit Grinder but do no damage. Grinder closely misses you.
You closely miss Grinder with your +0 dagger of draining.
Grinder is heavily wounded.
You closely miss Grinder with your +0 falchion.
Grinder hits you.
* * * LOW HITPOINT WARNING * * *
You writhe in agony.
You die...
Grinder says, "Now the real fun starts!"

#.#.):######
#..........+
###...######
###.#####
#.....# ##
#####.# ..
#....#
##.##.#.####.#
#.....5@.....#
........######
.#####.## ..
###


You could see Grinder.

Vanquished Creatures
  6 gnolls (D:3)
  5 adders
  A white imp (D:3)
  2 dart slugs (D:1)
  2 ribbon worms
  An orc (D:3)
  4 ball pythons
  4 endoplasms
  3 giant cockroaches
  12 goblins
  9 hobgoblins
  3 jackals (D:2)
  2 quokkas
  2 bats
  3 frilled lizards
  4 kobolds (D:1)
  3 rats
66 creatures vanquished.

Notes
Turn   | Place    | Note
-------+----------+-------------------------------------------
     0 | D:1      | CrazyBamboolord the Coglin Berserker began the quest for
                  | the Orb.
     0 | D:1      | Reached XP level 1. HP: 18/18 MP: 1/1
   138 | D:1      | Reached XP level 2. HP: 24/24 MP: 2/2
   312 | D:1      | Reached XP level 3. HP: 21/29 MP: 3/3
   421 | D:1      | Reached ** piety under Trog
   963 | D:2      | HP: 1/29 [poisoned by an adder]
  1145 | D:2      | Found Tefaen's Assorted Antiques.
  1148 | D:2      | Bought a scroll labelled XAN AGASACO for 25 gold pieces
  1148 | D:2      | Bought a scroll labelled XAN AGASACO for 25 gold pieces
  1421 | D:2      | Reached XP level 4. HP: 35/35 MP: 4/4
  1629 | D:2      | Found a bloodstained altar of Trog.
  1917 | D:3      | Reached XP level 5. HP: 23/42 MP: 5/5
  2089 | D:3      | Reached *** piety under Trog
  2389 | D:4      | Noticed Grinder
  2398 | D:4      | Slain by Grinder

Illustrated notes

Levels and vault maps discovered:
D:1:      amcnicky_arrival_gap_in_the_tavern_cellar, layout_basic,
          serial_forest, infiniplex_forest_3_way, infiniplex_forest_lined_1,
          infiniplex_forest_lined_3, infiniplex_forest_clump_cross,
          infiniplex_forest_clump_long, infiniplex_forest_straight_1,
          infiniplex_forest_clump_cross, minmay_octomino_e4
D:2:      layout_loops_corners, serial_shops, nicolae_shop_behind_doors,
          basic_altar, minmay_misc_feat_five
D:3:      wander_river, layout_rooms
D:4:      layout_basic, yredelemnul_forgotten_temple_becter, sigmund_army,
          uniq_grinder

Skill      XL: |  1  2  3  4  5 |
---------------+----------------+-----
Armour         | 2 3 |  3.0
Dodging        | 2 |  2.9
Long Blades    | 4 |  4.0
Fighting       | 4 |  4.0

Action                     |  1- 3 |  4- 6 || total
---------------------------+-------+-------++-------
  Melee: Falchion          |   105 |    74 ||   179
         Dagger            |    74 |    71 ||   145
 Invoke: Berserk           |       |     1 ||     1
         Trog's Hand       |       |     1 ||     1
    Use: Scroll            |       |     6 ||     6
   Stab: Sleeping          |     2 |       ||     2
 Armour: Animal skin       |    51 |       ||    51
         Ring mail         |     2 |       ||     2
         Chain mail        |       |    52 ||    52
  Dodge: Dodged            |    58 |    22 ||    80
  Block: Other             |       |     9 ||     9

Table legend: (Time is in decaauts)
 A = Elapsed time spent in this place.
 B = Non-inter-level travel time spent in this place.
 C = Inter-level travel time spent in this place.
 D = Time resting spent in this place.
 E = Time spent auto-exploring this place.
 F = Levels seen in this place.
 G = Mean time per level.
                   A        B        C        D        E       F      G
               +--------+--------+--------+--------+--------+-----+--------+
         Total |   2428 |   2246 |    182 |    232 |   1531 |   4 |  607.0 |
       Dungeon |   2428 |   2246 |    182 |    232 |   1531 |   4 |  607.0 |
               +--------+--------+--------+--------+--------+-----+--------+

Top non-repeatable levels by time:
     D:2: 1142 daAuts
     D:3: 646 daAuts
     D:1: 613 daAuts
     D:4: 25 daAuts
